 Dungeon Crawl Stone Soup version 0.28.0-53-g5a82cb258f (webtiles) character file.

Game seed: 9536228147065599881

4724 Stomo the Chiller (level 10, -3/51 HPs)
             Began as a Vine Stalker Ice Elementalist on June 27, 2022.
             Was a Believer of Vehumet.
             Slain by Fannar
             ... wielding a +0 quarterstaff of freezing
              (7 damage)
             ... on level 10 of the Dungeon.
             The game lasted 00:24:41 (8897 turns).

Stomo the Chiller (Vine Stalker Ice Elementalist)   Turns: 8897, Time: 00:24:42

Health: -3/51      AC: 12    Str: 21    XL:     10   Next: 45%
Magic:  0/28       EV: 14    Int: 21    God:    Vehumet [**....]
Gold:   576        SH:  0    Dex: 16    Spells: 9/20 levels left

rFire   + . .      SeeInvis .   n - +9 whip "Reiwki" {protect, *Noise rF+ rN+ Str+3}
rCold   . . .      Faith    .   (no shield)
rNeg    + . .      Spirit   +   u - +1 robe of True Grit {MP+9 Str+4 Int+6 Stlth+}
rPois   +          Reflect  .   (no helmet)
rElec   .          Harm     .   j - +0 cloak
rCorr   +          Rampage  .   (no gloves)
Will    +....                   d - +0 pair of boots
Stlth   +++.......              (no amulet)
HPRegen 0.97/turn               q - ring of resist corrosion
MPRegen 0.21/turn               w - ring of poison resistance

@: under a protective aura, freezing walls
A: fangs 3, regeneration 1, magic shield, antimagic bite, no potion heal 2
a: Renounce Religion


You were on level 10 of the Dungeon.
You worshipped Vehumet.
Vehumet was pleased with you.
You visited 2 branches of the dungeon, and saw 11 of its levels.

You collected 576 gold pieces.

Inventory:

Hand Weapons
 b - a +0 whip
 n - the +9 whip "Reiwki" (weapon) {protect, *Noise rF+ rN+ Str+3}
   (You found it on level 3 of the Dungeon)

   It grants its wielder temporary protection when it strikes (+7 to AC).
   Str:       It affects your strength (+3).
   rF:        It protects you from fire.
   rN:        It protects you from negative energy.
   *Noise:    It may make noises in combat.
Armour
 a - a +0 robe
 d - a +0 pair of boots (worn)
 j - a +0 cloak (worn)
 m - a +0 leather armour
 o - a +0 leather armour
 u - the +1 robe of True Grit (worn) {MP+9 Str+4 Int+6 Stlth+}
   (You found it on level 5 of the Dungeon)

   Str:       It affects your strength (+4).
   Int:       It affects your intelligence (+6).
   MP:        It affects your magic capacity (+9).
   Stlth:     It makes you more stealthy.
Jewellery
 q - a ring of resist corrosion (left hand)
 w - a ring of poison resistance (right hand)
Wands
 C - a wand of flame (51)
 H - a wand of paralysis (7)
 I - a wand of iceblast (5)
Scrolls
 e - 10 scrolls of identify {unknown}
 f - 5 scrolls of noise {unknown}
 g - 2 scrolls of immolation {unknown}
 i - 2 scrolls of amnesia {unknown}
 p - 3 scrolls of teleportation {unknown}
 s - a scroll of blinking {unknown}
 v - 2 scrolls of magic mapping {unknown}
 y - a scroll of fear {unknown}
 z - 2 scrolls of summoning {unknown}
 A - 2 scrolls of silence {unknown}
 B - 2 scrolls of vulnerability {unknown}
 D - a scroll of torment {unknown}
 F - a scroll of fog {unknown}
 G - a scroll of enchant weapon {unknown}
 J - a scroll of enchant armour {unknown}
Potions
 c - 8 potions of curing {unknown}
 h - 5 potions of heal wounds {unknown}
 k - 3 potions of cancellation {unknown}
 l - a potion of might {unknown}
 r - 2 potions of mutation {unknown}
 t - a potion of degeneration {unknown}
 x - 2 potions of berserk rage {unknown}
 E - a potion of brilliance {unknown}


   Skills:
 + Level 5.1 Fighting
 + Level 5.0 Maces & Flails
 + Level 5.0 Armour
 + Level 4.9 Dodging
 - Level 2.4 Stealth
 + Level 5.7 Spellcasting
 - Level 5.3 Conjurations
 + Level 6.7 Ice Magic


You had 9 spell levels left.
You knew the following spells:

 Your Spells              Type           Power      Damage    Failure   Level
a - Freeze                Ice            100%       1d11      1%          1
b - Frozen Ramparts       Ice            68%        1d8       1%          3
c - Ozocubu's Armour      Ice            34%        N/A       1%          3
d - Hailstorm             Conj/Ice       31%        3d8       9%          4

Your spell library contained the following spells:

 Spells                   Type           Power      Damage    Failure   Level
 Sandblast                Erth           12%        2d6       10%         1
 Magic Dart               Conj           100%       1d8       1%          1
 Searing Ray              Conj           56%        2d6       1%          2
 Pain                     Necr           24%        1d5       10%         1
 Corpse Rot               Necr/Air       12%        N/A       16%         2
 Poisonous Vapours        Pois/Air       12%        N/A       16%         2
 Sublimation of Blood     Necr           6%         N/A       16%         2
 Wereblood                Tmut           6%         N/A       16%         2
 Fulminant Prism          Conj/Hex       8%         3d7       32%         4
 Agony                    Necr           6%         N/A       95%         5
 Excruciating Wounds      Necr           3%         N/A       95%         5
 Summon Hydra             Summ           3%         N/A       100%        7


Dungeon Overview and Level Annotations

Branches:
Dungeon (10/15)            Temple (1/1) D:6
   Lair: D:8-11         Orc: D:9-12

Altars:
Ashenzari
Cheibriados
Dithmenos
Elyvilon
Fedhas
Gozag
Hepliaklqana
Kikubaaqudgha
Makhleb
Nemelex Xobeh
Okawaru
Qazlal
Ru
Sif Muna
Trog
Uskayaw
Vehumet
Wu Jian
Xom
Yredelemnul
Zin
The Shining One

Shops:
D:3 =

Annotations:
D:10 Fannar


Innate Abilities, Weirdness & Mutations

You have razor-sharp teeth.
Your natural rate of healing is unusually fast.
When hurt, damage is shared between your health and your magic reserves.
Your bite disrupts and absorbs the magic of your enemies.
Potions cannot restore your health.


Message History

Fannar is nearby!
Fannar is nearby!
Unknown command.
Fannar is nearby!
Fannar is nearby!
Fannar gestures wildly while chanting.
Fannar drains the heat from the surrounding environment!
Unknown command.
Your icy armour and frozen ramparts will break if you move.
Continue?
Your icy armour cracks and falls away as you move.
The frozen ramparts melt away as you move.
Fannar falters for a moment.
Casting: Frozen Ramparts (safe; 1% risk of failure)
Confirm with . or Enter, or press ? or * to list all spells.
Casting: Frozen Ramparts (safe; 1% risk of failure)
Press: ? - help, Dir - look around, f - activate The walls around you are covered in ice.
Fannar completely resists.
The wall freezes Fannar but does no damage.
Fannar mumbles some strange words.
Fannar blinks!
The frozen ramparts melt away as you move.
Casting: Frozen Ramparts (safe; 1% risk of failure)
Confirm with . or Enter, or press ? or * to list all spells.
Casting: Frozen Ramparts (safe; 1% risk of failure)
Press: ? - help, Dir - look around, f - activate The walls around you are covered in ice.
Fannar completely resists.
The wall freezes Fannar but does no damage.
Fannar points at you and mumbles some strange words.
The bolt of cold hits you!!
Ouch! That really hurt!
* * * LOW HITPOINT WARNING * * *
Unknown command.
You hit Fannar but do no damage.
Your weapon exudes an aura of protection.
Fannar is almost dead.
Fannar resists.
The wall freezes Fannar.
Fannar hits you with a +0 quarterstaff of freezing!
You die...

#...#
#).#
#...#
#..# #..#
#...#
#..# #..#
#...#
#..# #..#
#...#
#(<# #..#
#...#
#..#
#..####
#>..#
#..#
#.....##
#...#
#..#
#..#...#
#...#
#..#
#..@e#.#
#...#
#..#
##..#...#
#...#
#..#
#.##.##.#
#...#
#..#
#.#.⌠.# #
#...#
#..#
#.##.##.#
#...#
#..#
#..#..#
#...#
#..#
#....##
#...#
#..#
#..###
#...#
#..# #..#


You could see Fannar (magic disrupted).

Vanquished Creatures
  A cyclops (D:8)
  An unseen horror (D:7)
  11 yaks (D:9)
  A water moccasin (D:8)
  Duvessa (D:5)
  A sky beast (D:5)
  An ice beast (D:6)
  A black bear (D:4)
  An ogre (D:6)
  A necrophage (D:8)
  2 phantoms
  A kobold brigand (D:9)
  A wyvern zombie (D:5)
  A scorpion (D:4)
  3 wyvern skeletons
  Dowan (D:5)
  5 wights (D:8)
  5 killer bees (D:8)
  A howler monkey (D:8)
  4 centaur zombies
  A gnoll shaman (D:7)
  A hound (D:7)
  2 bullfrog skeletons
  3 centaur skeletons
  An orc priest (D:5)
  5 iguanas
  3 orc wizards
  A killer bee zombie (D:7)
  2 hound skeletons (D:4)
  A mummy (D:6)
  7 gnolls (D:7)
  A howler monkey zombie (D:9)
  2 howler monkey skeletons
  7 adders
  A shadow imp (D:8)
  A white imp (D:8)
  An adder skeleton (D:4)
  2 worms
  2 dart slugs
  15 orcs
  3 ball pythons
  7 bats
  4 endoplasms
  3 giant cockroaches
  8 goblins
  10 hobgoblins
  4 jackals
  A quokka (D:1)
  A frilled lizard (D:2)
  A hobgoblin zombie (D:6)
  5 kobolds
  A kobold zombie (D:6)
  2 orc zombies (D:6)
  A rat (D:2)
  A butterfly (D:7)
155 creatures vanquished.

Notes
Turn   | Place    | Note
-------+----------+-------------------------------------------
     0 | D:1      | Stomo the Vine Stalker Ice Elementalist began the quest for
                  | the Orb.
     0 | D:1      | Reached XP level 1. HP: 9/9 MP: 4/4
   203 | D:1      | Reached XP level 2. HP: 14/14 MP: 4/6
   563 | D:1      | Reached skill level 1 in Maces & Flails
   571 | D:1      | Reached skill level 1 in Fighting
   735 | D:1      | Reached XP level 3. HP: 15/18 MP: 5/7
  1083 | D:2      | Learned a level 3 spell: Frozen Ramparts
  1801 | D:2      | Gained mutation: Your natural rate of healing is unusually
                  | fast. [Vine Stalker growth]
  1801 | D:2      | Reached XP level 4. HP: 23/23 MP: 8/8
  2369 | D:3      | Found Uwextom's Jewellery Emporium.
  2413 | D:3      | Identified the +9 whip "Reiwki" {protect, *Noise rF+ rN+
                  | Str+3}
  2442 | D:3      | Reached XP level 5. HP: 16/26 MP: 0/9
  3253 | D:4      | Noticed a black bear
  3270 | D:4      | Killed a black bear
  3271 | D:4      | Reached skill level 1 in Armour
  3271 | D:4      | Reached XP level 6. HP: 28/30 MP: 9/11
  3379 | D:4      | Reached XP level 7. HP: 35/35 MP: 7/12
  3573 | D:5      | Entered Level 5 of the Dungeon
  3574 | D:5      | Noticed Dowan
  3575 | D:5      | Noticed Duvessa
  3581 | D:5      | Killed Duvessa
  3582 | D:5      | Killed Dowan
  3624 | D:5      | Identified the +1 robe of True Grit {MP+9 Str+4 Int+6
                  | Stlth+}
  3991 | D:5      | Gained mutation: You have razor-sharp teeth. [Vine Stalker
                  | growth]
  3991 | D:5      | Reached XP level 8. HP: 39/39 MP: 14/14
  4004 | D:5      | Learned a level 3 spell: Ozocubu's Armour
  4074 | D:5      | Reached skill level 5 in Ice Magic
  4607 | D:6      | Found a staircase to the Ecumenical Temple.
  4615 | Temple   | Entered the Ecumenical Temple
  4910 | Temple   | Became a worshipper of Vehumet
  6325 | D:7      | Reached * piety under Vehumet
  6325 | D:7      | Offered knowledge of Shock by Vehumet.
  6539 | D:7      | Learned a level 4 spell: Hailstorm
  6543 | D:7      | Found a white marble altar of Elyvilon.
  6641 | D:7      | Reached skill level 1 in Conjurations
  6747 | D:7      | Reached XP level 9. HP: 44/45 MP: 16/16
  6817 | D:7      | Killed an unseen horror
  7298 | D:8      | Identified the +3 short sword of Action {vorpal, Dex+5}
  7339 | D:8      | Reached skill level 5 in Conjurations
  7499 | D:8      | Noticed a cyclops
  7561 | D:8      | Killed a cyclops
  7723 | D:8      | Reached skill level 6 in Ice Magic
  7788 | D:8      | Reached skill level 5 in Spellcasting
  7888 | D:9      | Found a basalt altar of Yredelemnul.
  7977 | D:9      | Reached ** piety under Vehumet
  8015 | D:9      | Offered knowledge of Sandblast by Vehumet.
  8137 | D:9      | Reached XP level 10. HP: 51/51 MP: 18/18
  8222 | D:9      | Reached skill level 5 in Fighting
  8595 | D:9      | Found an iron altar of Okawaru.
  8595 | D:9      | Found a blossoming altar of Fedhas.
  8604 | D:9      | Reached skill level 5 in Armour
  8609 | D:9      | Reached skill level 5 in Maces & Flails
  8787 | D:10     | Entered Level 10 of the Dungeon
  8856 | D:10     | Noticed Fannar
  8897 | D:10     | Slain by Fannar

Illustrated notes

Levels and vault maps discovered:
D:1:      matt_arrival_grand_opening, layout_loops_ring, kennysheep_minor_cross
D:2:      layout_rooms, minmay_crystal_room
D:3:      layout_loops_cross, serial_shops, nicolae_lakefront_shop,
          amcnicky_mini_rare_corridor_liquid
D:4:      layout_rooms
D:5:      layout_basic, portal_sewer_entry_e, uniq_duvessa
D:6:      layout_cave_pods, minmay_temple_entry_butterflies, minmay_mini_ossuary
D:7:      layout_basic, marbit_many_paths, feat_on_display
D:8:      layout_loops_cross, serial_park_tiny_2, small_chamber_with_monster
D:9:      layout_grid_maze, kennysheep_little_box,
          gammafunk_temple_overflow_pools
D:10:     layout_long_grid, kennysheep_orc_monster_closet_entryway,
          grunt_decor_one_mirror, uniq_fannar
Temple:   dpeg_five_rooms_temple

Skill      XL: |  1  2  3  4  5  6  7  8  9 10 |
---------------+-------------------------------+-----
Dodging        | 2 3 4 |  4.9
Maces & Flails | 1 2 3 4 5 |  5.0
Fighting       | 1 2 3 4 5 |  5.1
Armour         | 1 3 4 5 |  5.0
Spellcasting   | 3 4 5 |  5.7
Ice Magic      | 5 6 |  6.7
Conjurations   | 1 5 |  5.3
Stealth        | |  2.4

Action                   |  1- 3 |  4- 6 |  7- 9 | 10-12 || total
-------------------------+-------+-------+-------+-------++-------
Melee: Whip              |    19 |    67 |   177 |    60 ||   323
       Bite              |     8 |    17 |    53 |    21 ||    99
       Punch             |       |     2 |     2 |       ||     4
 Cast: Freeze            |    34 |     9 |    18 |       ||    61
       Frozen Ramparts   |     5 |    20 |    48 |    10 ||    83
       Ozocubu's Armour  |       |       |     7 |     4 ||    11
       Hailstorm         |       |       |     1 |     1 ||     2
 Stab: Sleeping          |     2 |     1 |     1 |       ||     4
Armor: Robe              |    12 |    11 |    66 |    26 ||   115
       Leather armour    |       |    20 |     7 |       ||    27
Dodge: Dodged            |    14 |    66 |   126 |    33 ||   239
